Map: Fracture LE

Players

ImmarudamuNA - Winner!

  • Race: Terran Terran
  • League: Diamond
  • Spawn Location: 5:00

Nualkrid

  • Race: Protoss Protoss
  • League: Diamond
  • Spawn Location: 11:00

VOD

Have the link to the VOD?

Description

tvp slap in the face for the kids to watch

Time

  • Played on: Oct. 11, 2018, 6:40 p.m.
  • Length: 13:49
Show
View Real Time Build Order
Export as new Build Order

ImmarudamuNA Terran - Winner!

Build Orders: Cyclone Opening, Mech 

Get SALT Encoding   

  12  0:01  SCV  
  13  0:13  SCV  
  14  0:17  Supply Depot  
  14  0:25  SCV  
  15  0:31  Refinery  
  15  0:39  SCV  
  16  0:47  Barracks  
  16  0:51  SCV  
  17  1:00  Refinery  
  17  1:03  SCV  
  18  1:15  SCV  
  19  1:27  SCV  
  20  1:34  Factory  
  20  1:39  Reaper  
  21  1:41  Orbital Command  
  21  1:50  Supply Depot  
  21  2:06  Factory  
  21  2:10  SCV  
  22  2:17  Factory Reactor  
  22  2:22  SCV  
  23  2:28  Supply Depot  
  23  2:38  SCV  
  24  2:50  SCV  
  25  2:53  Cyclone  
  25  2:54  Cyclone  
  31  3:03  SCV  
  32  3:07  Supply Depot  
  32  3:10  Barracks Tech Lab  
  32  3:11  Starport  
  32  3:15  SCV  
  33  3:27  SCV  
  33  3:28  Cyclone  
  33  3:30  Liberator  
  37  3:39  SCV  
  37  3:40  Supply Depot  
  41  3:51  SCV  
  42  3:56  Cyclone  
  44  4:03  SCV  
  45  4:15  SCV  
  46  4:27  SCV  
  46  4:29  Supply Depot  
  46  4:30  Command Center  
  47  4:49  SCV  
  47  4:52  Cloaking Field, Banshee  
  51  5:01  SCV  
  49  5:10  Cyclone  
  49  5:13  Cyclone  
  55  5:14  SCV  
  56  5:26  SCV  
  54  5:30  Supply Depot  
  54  5:36  Banshee  
  54  5:38  SCV  
  58  5:42  Orbital Command  
  58  5:50  SCV  
  58  5:53  Refinery  
  58  5:55  Refinery  
  59  6:00  Factory  
  59  6:03  SCV  
  60  6:08  Barracks Tech Lab  
  60  6:09  SCV  
  61  6:15  Supply Depot, SCV  
  61  6:17  Supply Depot  
  62  6:22  SCV  
  63  6:27  SCV  
  64  6:35  SCV  
  64  6:39  SCV  
  66  6:41  Supply Depot  
  66  6:42  Supply Depot  
  66  6:47  SCV  
  67  6:49  Starport Reactor  
  67  6:51  SCV  
  68  6:59  SCV  
  68  7:00  Supply Depot x2  
  69  7:02  Command Center  
  69  7:03  SCV  
  69  7:08  Siege Tank  
  73  7:10  Liberator x2  
  73  7:11  SCV  
  73  7:14  Armory  
  73  7:15  SCV  
  72  7:23  SCV  
  72  7:25  Siege Tank  
  72  7:27  SCV  
  80  7:35  SCV  
  81  7:37  Factory  
  81  7:39  SCV  
  81  7:42  Supply Depot  
  79  7:47  SCV  
  79  7:49  Barracks Reactor  
  79  7:51  Siege Tank, SCV  
  77  7:52  Liberator  
  78  7:59  Engineering Bay, SCV  
  78  8:02  Siege Tank  
  78  8:03  SCV  
  78  8:05  Supply Depot  
  83  8:11  SCV  
  87  8:16  SCV  
  87  8:17  Terran Vehicle Weapons Level 1  
  88  8:23  SCV  
  89  8:28  SCV  
  90  8:35  SCV  
  90  8:40  SCV  
  92  8:43  Planetary Fortress  
  92  8:48  Refinery, SCV  
  93  8:50  Missile Turret  
  93  8:52  Refinery, Missile Turret, SCV  
  93  8:53  Missile Turret  
  94  8:56  Siege Tank, Missile Turret x2  
  94  8:57  Missile Turret  
  94  9:00  Ghost Academy, SCV  
  94  9:01  Hellion  
  94  9:02  Hellion  
  102  9:04  SCV  
  102  9:05  Barracks Tech Lab  
  100  9:12  SCV, Liberator  
  100  9:16  SCV  
  102  9:23  Hellion x2  
  106  9:24  SCV  
  106  9:25  SCV  
  106  9:26  Siege Tank  
  106  9:28  Siege Tank, SCV  
  118  9:36  SCV  
  118  9:37  SCV  
  118  9:47  Armory  
  117  9:53  Hellion x2  
  117  9:56  Ghost  
  117  9:58  Siege Tank  
  126  10:00  Factory  
  126  10:01  Factory  
  126  10:03  Command Center  
  128  10:09  SCV  
  128  10:11  Siege Tank, Infernal Pre-Igniter  
  130  10:16  Liberator  
  130  10:25  Missile Turret  
  130  10:28  Missile Turret  
  122  10:29  SCV  
  122  10:32  Siege Tank  
  129  10:37  Hellion x2  
  133  10:42  Ghost  
  133  10:47  Factory Reactor, Factory Tech Lab  
  135  10:50  Barracks  
  135  10:52  Barracks  
  132  10:57  Command Center  
  132  10:58  Hellion  
  132  10:59  Refinery, Hellion  
  136  11:05  Siege Tank  
  136  11:06  Siege Tank  
  136  11:11  Ghost  
  142  11:18  Refinery, SCV  
  145  11:19  Hellion  
  145  11:20  Hellion  
  145  11:23  Command Center  
  149  11:27  Missile Turret  
  149  11:28  Missile Turret  
  149  11:40  Refinery  
  149  11:41  Hellion x2  
  149  11:42  Planetary Fortress  
  149  11:46  Refinery  
  149  11:47  Sensor Tower  
  153  11:50  Missile Turret  
  153  11:57  Sensor Tower  
  153  12:04  Missile Turret  
  153  12:07  Barracks Tech Lab x2, Ghost  
  153  12:10  Planetary Fortress  
  153  12:11  Missile Turret  
  153  12:12  Missile Turret  
  153  12:14  Missile Turret  
  153  12:15  Missile Turret  
  149  12:26  Siege Tank  
  149  12:27  Siege Tank  
  149  12:28  Ghost x2  
  159  12:35  Ghost  
  161  12:41  Planetary Fortress  
  155  13:08  Ghost  
  155  13:10  Siege Tank x3, Hellion  
  155  13:11  Hellion x3  
Show
View Real Time Build Order
Export as new Build Order

Nualkrid Protoss 

Build Orders:  

Get SALT Encoding   

  12  0:00  Probe  
  13  0:13  Probe  
  14  0:17  Pylon  
  14  0:25  Probe  
  15  0:34  Probe  
  15  0:37  Gateway  
  15  0:42  Probe  
  17  0:51  Probe  
  17  0:54  Assimilator  
  18  0:59  Assimilator  
  18  1:03  Probe  
  19  1:15  Probe  
  20  1:25  Cybernetics Core  
  20  1:27  Probe  
  20  1:29  Pylon  
  21  1:39  Probe  
  22  1:47  Warp Gate  
  22  1:50  Gateway  
  22  1:51  Probe, Gateway  
  23  1:56  Stalker  
  23  2:03  Probe  
  26  2:12  Pylon  
  26  2:19  Probe  
  26  2:28  Stalker  
  28  2:37  Stalker  
  28  2:38  Shield Battery  
  30  2:45  Stalker  
  32  3:08  Shield Battery, Probe  
  33  3:15  Robotics Facility  
  33  3:20  Probe  
  33  3:23  Pylon  
  33  3:25  Shield Battery  
  34  3:32  Probe  
  35  3:44  Probe  
  36  3:52  Pylon  
  36  3:55  Immortal  
  40  4:13  Nexus  
  40  4:16  Probe  
  41  4:28  Probe  
  42  4:32  Observer  
  42  4:35  Pylon  
  43  4:40  Probe, Twilight Council  
  44  4:46  Stalker  
  44  4:52  Probe  
  47  4:55  Stalker  
  49  5:03  Stalker  
  49  5:04  Probe  
  52  5:13  Stalker  
  50  5:17  Probe  
  50  5:29  Probe  
  50  5:35  Charge  
  51  5:41  Probe  
  52  5:43  Nexus  
  52  5:49  Pylon  
  52  5:54  Probe  
  53  6:06  Probe  
  54  6:18  Probe  
  55  6:22  Nexus  
  53  6:32  Probe  
  53  6:34  Observer  
  53  6:35  Stalker  
  56  6:41  Pylon  
  56  6:44  Probe  
  57  6:51  Observer  
  57  6:57  Probe  
  58  7:02  Stalker x2  
  58  7:04  Probe  
  61  7:09  Probe  
  61  7:11  Observer  
  62  7:16  Probe  
  62  7:18  Blink  
  62  7:21  Probe, Assimilator  
  64  7:28  Probe  
  65  7:30  Assimilator  
  65  7:33  Probe  
  65  7:35  Pylon  
  67  7:37  Probe  
  67  7:41  Immortal  
  71  7:49  Probe  
  72  7:57  Forge  
  72  8:00  Probe  
  72  8:05  Pylon  
  73  8:09  Shield Battery  
  73  8:11  Immortal  
  73  8:13  Probe, Protoss Ground Weapons Level 1  
  73  8:19  Probe  
  75  8:21  Shield Battery  
  75  8:25  Probe  
  81  8:27  Probe  
  81  8:28  Stalker  
  81  8:33  Probe  
  84  8:37  Probe  
  84  8:40  Probe  
  86  8:45  Gateway  
  86  8:47  Gateway  
  86  8:49  Templar Archives  
  86  8:50  Probe  
  86  8:52  Probe  
  88  8:56  Stalker  
  88  9:02  Stalker  
  88  9:10  Probe  
  88  9:12  Probe  
  88  9:16  Probe  
  91  9:18  Assimilator, Gateway  
  91  9:21  Assimilator, Gateway  
  91  9:23  Probe  
  92  9:27  Psionic Storm  
  89  9:32  Photon Cannon  
  89  9:34  Probe, Photon Cannon  
  86  9:39  Probe  
  86  9:45  High Templar x3  
  91  9:46  Probe  
  91  9:49  Probe  
  91  9:51  Probe  
  96  9:56  Protoss Ground Weapons Level 2  
  96  9:57  Photon Cannon  
  96  9:59  Probe  
  97  10:04  Shield Battery  
  97  10:06  Probe  
  98  10:07  Archon, High Templar  
  98  10:10  Probe  
  101  10:15  Pylon  
  101  10:19  Gateway  
  101  10:23  Probe  
  101  10:24  Gateway  
  101  10:26  Archon  
  101  10:28  Probe  
  103  10:32  High Templar x4  
  111  10:36  Probe  
  111  10:37  Archon x2  
  111  10:40  Probe  
  113  10:45  Photon Cannon  
  113  10:46  Immortal  
  113  10:47  Shield Battery  
  113  10:49  Pylon  
  113  10:52  Probe  
  113  10:55  Probe  
  118  11:02  Probe  
  119  11:04  Probe  
  119  11:06  Stargate  
  120  11:12  Nexus  
  120  11:14  Assimilator  
  120  11:16  Assimilator  
  120  11:22  Probe, Photon Cannon  
  121  11:27  Photon Cannon  
  121  11:30  Immortal  
  125  11:35  High Templar x4  
  125  11:37  Probe  
  125  11:39  Probe x2  
  136  11:46  Photon Cannon  
  136  11:49  Shield Battery  
  136  11:51  Archon x2  
  136  11:52  Probe  
  137  11:54  Void Ray  
  137  11:58  Stargate  
  141  12:14  Pylon  
  141  12:15  Pylon  
  141  12:22  Pylon  
  141  12:23  Pylon  
  141  12:24  Probe  
  142  12:32  Nexus  
  142  12:35  Void Ray  
  142  12:37  Probe x2  
  142  12:40  Photon Cannon  
  142  12:42  Photon Cannon  
  144  12:47  Pylon  
  144  12:50  Probe x2, Pylon  
  150  12:55  Pylon  
  150  13:00  Void Ray  
  150  13:03  Fleet Beacon  
  134  13:11  Zealot x4  
  134  13:12  Zealot x2  
  84  13:34  Zealot  
  84  13:35  Zealot x3  
  84  13:39  Zealot x2  
Tags
 
Composition
Mech
Matchup
PvT
Spawn Locations
Cross Positions
Add a new tag
Caveats
  • Supply blocks, unpowered buildings, or Contaminate may cause inaccurate times.
  • Supply counts are checked every 10 seconds.